 Dungeon Crawl Stone Soup version 0.17-a0-896-g249456b (webtiles) character file.

11 RobertPalmer the Slasher (level 2, 20/20 HPs)
             Began as a Halfling Chaos Knight on May 1, 2015.
             Quit the game on level 1 of the Dungeon.
             The game lasted 00:00:47 (304 turns).

RobertPalmer the Slasher (Halfling Chaos Knight)     Turns: 304, Time: 00:00:47

Health: 20/20      AC:  5    Str: 12    XL:     2   Next: 40%
Magic:  2/2        EV: 13    Int: 11    God:    Xom [..*...]
Gold:   83         SH:  0    Dex: 13    Spells: 0 memorised, 1 level left

rFire  . . .     SeeInvis .     a - +0 falchion (chaos)
rCold  . . .     Clarity  .     b - +2 leather armour
rNeg   . . .     SustAb   .     (shield restricted)
rPois  .         Gourm    .     (no helmet)
rElec  .         Spirit   .     (no cloak)
rCorr  .         Warding  .     (no gloves)
rMut   .         Stasis   .     (no boots)
MR     .....                    (no amulet)
Stlth  +.........               (no ring)
                                (no ring)

@: not resistant to hostile enchantments, very unstealthy
A: mutation resistance 1
a: Renounce Religion


You were on level 1 of the Dungeon.
You worshipped Xom.
You were a toy of Xom.
You were not hungry.

You visited 1 branch of the dungeon, and saw 1 of its levels.

You collected 83 gold pieces.

Inventory:

Hand weapons
 a - a +0 falchion of chaos (weapon)
Armour
 b - a +2 leather armour (worn)
Scrolls
 d - a scroll of remove curse {unknown}
 e - a scroll of identify {unknown}
 f - 2 scrolls of teleportation {unknown}
Comestibles
 c - 2 bread rations {@e1}


   Skills:
 - Level 2.6 Fighting
 + Level 3.7 Long Blades
 - Level 2.1 Armour
 - Level 1.1 Dodging


You had one spell level left.
You didn't know any spells.

Dungeon Overview and Level Annotations

Branches:
Dungeon (1/15)

Altars:


Innate Abilities, Weirdness & Mutations

You are small and have problems with some larger weapons.
You are somewhat resistant to further mutation.


Message History

You closely miss the jackal. The jackal closely misses you.
The jackal closely misses you.
You hit the jackal. You freeze the jackal.
You kill the jackal!
Unknown command.
You see here a jackal corpse.
A jackal comes into view.
A jackal is nearby!
A jackal is nearby!
A jackal is nearby!
The jackal barks!
The jackal misses you.
You barely miss the jackal. The jackal barely misses you. The jackal bites you.
You take 1 damage, and have 10/15 hp.
You hit the jackal.
You kill the jackal!
You have reached level 2!
You regained 3 hp, and now have 13/20 hp.
MP restored: 2 A bat comes into view.
Unknown command.
A bat is nearby!
A bat is nearby!
You closely miss the bat. The bat closely misses you.
The bat hits you but does no damage. The bat closely misses you.
You miss the bat. The bat hits you but does no damage.
The bat barely misses you.
You closely miss the bat. The bat hits you but does no damage.
The bat misses you.
You barely miss the bat. The bat hits you but does no damage.
You hit the bat.
Space bends around the bat.
You kill the bat!
Your butterfly disappears in a puff of smoke!
No target in view!
You now have 49 gold pieces (gained 14).
c - 2 bread rations {@e1} (gained 1)
You now have 65 gold pieces (gained 16).
A rat comes into view.
The rat moves out of view.
The rat is too close now for your liking.
A rat is nearby!
A rat is nearby!
A rat is nearby!
Unknown command.
The rat closely misses you.
You hit the rat.
You feel better.
You kill the rat!
No target in view!
A hobgoblin comes into view. It is wielding a club.
The hobgoblin shouts!
A hobgoblin is nearby!
A hobgoblin is nearby!
A hobgoblin is nearby!
A hobgoblin is nearby!
You found a teleport trap!
Found 12 gold pieces.
Found a stone staircase leading down.
You hit the hobgoblin.
You kill the hobgoblin!
No target in view!
No target in view!
Things that are here:
a club; a hobgoblin corpse You now have 77 gold pieces (gained 12).
d - a scroll labeled GAUBONK YPPEG You now have 83 gold pieces (gained 6).
e - a scroll labeled DOAHU VOCVUM A goblin comes into view.
It is wielding a club.
The goblin shouts!
A goblin is nearby!
You hit the goblin but do no damage. The goblin barely misses you.
Health restored: 20 You slash the goblin!
You freeze the goblin.
You kill the goblin!
No target in view!
No target in view!
Things that are here:
a club; a goblin corpse
f - a scroll labeled IHOIC IDWAYTHAYDI
f - 2 scrolls labeled IHOIC IDWAYTHAYDI (gained 1)
Things that are here:
a club; a goblin corpse
There is a stone staircase leading down here.
Things that are here:
a club; a hobgoblin corpse Xom's attention almost turns to you for a moment.
Nothing appears to happen.
Unknown command.
Unknown command.
Unknown command.
Unknown command.
A hobgoblin comes into view.
The hobgoblin shouts!
A hobgoblin is nearby!
A hobgoblin is nearby!
A hobgoblin is nearby!
You hit the hobgoblin.
You kill the hobgoblin!
No target in view!
Quiver which item? (- for none, * to show all) (? for menu, Esc to quit)
Okay, then.

########.# #####..#
#... #.##
##......#######
#..###..######...##.
##.##..###.##....##.
#.#..####.#<.##...#
#...####..#########
######........##
..........######
######.@## ##...##
..#.....##
#........########
##..............##
##.....#######..## #
##...##
####....##### #####
#............
#............


There were no monsters in sight!

Vanquished Creatures
  A bat (D:1)
  2 goblins (D:1)
  3 hobgoblins (D:1)
  2 jackals (D:1)
  A giant newt (D:1)
  A rat (D:1)
10 creatures vanquished.

Notes
Turn   | Place    | Note
--------------------------------------------------------------
     0 | D:1      | RobertPalmer, the Halfling Chaos Knight, began the quest for the Orb.
     0 | D:1      | Reached XP level 1. HP: 15/15 MP: 1/1
   141 | D:1      | XOM: butterfly on damage
   155 | D:1      | Reached XP level 2. HP: 13/20 MP: 2/2
   298 | D:1      | XOM: harmless Hex miscast
   304 | D:1      | Quit the game

Action                   || total
-------------------------++-------
Melee: Falchion          ||    36

Vault maps used:
D:1:      lemuel_arrival_tunnels

Table legend:
 A = Turns spent in this place as a percentage of turns spent in the entire game.
 B = Non-inter-level travel turns spent in this place as a percentage of non-inter-level travel turns spent in the entire game.
 C = Inter-level travel turns spent in this place as a percentage of turns spent in this place.
 D = Turns resting spent in this place as a percentage of non-inter-level travel turns spent in this place.
 E = Turns spent auto-exploring this place as a percentage of non-inter-level travel turns spent in this place.
 F = Non-inter-level travel turns spent in this place divided by the number of levels of this place that you've seen.
                   A       B       C       D       E      F
               +-------+-------+-------+-------+-------+----------------------
         Total | 100.0 | 100.0 |   0.0 |   0.0 |  13.8 | 123.0
       Dungeon | 100.0 | 100.0 |   0.0 |   0.0 |  13.8 | 123.0
               +-------+-------+-------+-------+-------+----------------------

Table legend:
 A = Kills in this place as a percentage of kills in entire the game.
 B = Kills by you in this place as a percentage of kills by you in the entire game.
 C = Kills by friends in this place as a percentage of kills by friends in the entire game.
 D = Other kills in this place as a percentage of other kills in the entire game.
 E = Experience gained in this place as a percentage of experience gained in the entire game.
 F = Experience gained in this place divided by the number of levels of this place that you have seen.
                   A       B       C       D       E      F
               +-------+-------+-------+-------+-------+----------------------
         Total | 100.0 | 100.0 |  -nan |  -nan | 100.0 |  17.0
       Dungeon | 100.0 | 100.0 |  -nan |  -nan | 100.0 |  17.0
               +-------+-------+-------+-------+-------+----------------------
